Workbook

Sheet Calculator
A1: Card Processing Cost Calculator
A2: Steps to use the calculator
A4: Step 1 – Choose the product type Click a yellow cell in the Product type column and pick an option from the dropdown. | B4: Step 2 – Enter your club or zone fee In the “Your organisation’s fee (incl. GST)” column, type your club or zone’s own fee including GST. Don’t include PCA, State or other fees. | C4: Step 3 – Enter any discount If the item has a discount, enter the discount amount in the Discount column. If there’s no discount, leave it blank. | D4: Step 4 – Read your answer in the green column Price to charge in JustGo: the amount after discount plus the card processing cost. Set this as the price in JustGo so you still receive the full amount after the card processing cost is deducted. Enter this amount in the Price box in JustGo (not the Displayed Price).
H5: Workings
A6: Item name (optional) | B6: Product type | C6: Your organisation's fee (incl. GST) | D6: Discount (if any) | E6: Amount after discount (the amount you'll receive) | F6: Card processing cost | G6: Price to charge in JustGo (incl. card processing cost) | H6: Fixed fee (PCA's recommended fee)
A7: Example – Junior Membership | B7: Riding Memberships | C7: 100 | D7: 0 | E7: =IF(C7="","",C7-N(D7)) -> 100 | F7: =IF(G7="","",G7-E7) -> 2.25 | G7: =IF(OR(E7="",H7=""),"",ROUNDUP((E7+H7*(1+'Fee Table'!$B$5))/(1-'Fee Table'!$B$4*(1+'Fee Table'!$B$5)),2)) -> 102.25 | H7: =IF(B7="","",IFERROR(INDEX('Fee Table'!$B$8:$B$13,MATCH(B7,'Fee Table'!$A$8:$A$13,0)),"")) -> 0.1
E8: =IF(C8="","",C8-N(D8)) | F8: =IF(G8="","",G8-E8) | G8: =IF(OR(E8="",H8=""),"",ROUNDUP((E8+H8*(1+'Fee Table'!$B$5))/(1-'Fee Table'!$B$4*(1+'Fee Table'!$B$5)),2)) | H8: =IF(B8="","",IFERROR(INDEX('Fee Table'!$B$8:$B$13,MATCH(B8,'Fee Table'!$A$8:$A$13,0)),""))
E9: =IF(C9="","",C9-N(D9)) | F9: =IF(G9="","",G9-E9) | G9: =IF(OR(E9="",H9=""),"",ROUNDUP((E9+H9*(1+'Fee Table'!$B$5))/(1-'Fee Table'!$B$4*(1+'Fee Table'!$B$5)),2)) | H9: =IF(B9="","",IFERROR(INDEX('Fee Table'!$B$8:$B$13,MATCH(B9,'Fee Table'!$A$8:$A$13,0)),""))
E10: =IF(C10="","",C10-N(D10)) | F10: =IF(G10="","",G10-E10) | G10: =IF(OR(E10="",H10=""),"",ROUNDUP((E10+H10*(1+'Fee Table'!$B$5))/(1-'Fee Table'!$B$4*(1+'Fee Table'!$B$5)),2)) | H10: =IF(B10="","",IFERROR(INDEX('Fee Table'!$B$8:$B$13,MATCH(B10,'Fee Table'!$A$8:$A$13,0)),""))
E11: =IF(C11="","",C11-N(D11)) | F11: =IF(G11="","",G11-E11) | G11: =IF(OR(E11="",H11=""),"",ROUNDUP((E11+H11*(1+'Fee Table'!$B$5))/(1-'Fee Table'!$B$4*(1+'Fee Table'!$B$5)),2)) | H11: =IF(B11="","",IFERROR(INDEX('Fee Table'!$B$8:$B$13,MATCH(B11,'Fee Table'!$A$8:$A$13,0)),""))
E12: =IF(C12="","",C12-N(D12)) | F12: =IF(G12="","",G12-E12) | G12: =IF(OR(E12="",H12=""),"",ROUNDUP((E12+H12*(1+'Fee Table'!$B$5))/(1-'Fee Table'!$B$4*(1+'Fee Table'!$B$5)),2)) | H12: =IF(B12="","",IFERROR(INDEX('Fee Table'!$B$8:$B$13,MATCH(B12,'Fee Table'!$A$8:$A$13,0)),""))
E13: =IF(C13="","",C13-N(D13)) | F13: =IF(G13="","",G13-E13) | G13: =IF(OR(E13="",H13=""),"",ROUNDUP((E13+H13*(1+'Fee Table'!$B$5))/(1-'Fee Table'!$B$4*(1+'Fee Table'!$B$5)),2)) | H13: =IF(B13="","",IFERROR(INDEX('Fee Table'!$B$8:$B$13,MATCH(B13,'Fee Table'!$A$8:$A$13,0)),""))
E14: =IF(C14="","",C14-N(D14)) | F14: =IF(G14="","",G14-E14) | G14: =IF(OR(E14="",H14=""),"",ROUNDUP((E14+H14*(1+'Fee Table'!$B$5))/(1-'Fee Table'!$B$4*(1+'Fee Table'!$B$5)),2)) | H14: =IF(B14="","",IFERROR(INDEX('Fee Table'!$B$8:$B$13,MATCH(B14,'Fee Table'!$A$8:$A$13,0)),""))
E15: =IF(C15="","",C15-N(D15)) | F15: =IF(G15="","",G15-E15) | G15: =IF(OR(E15="",H15=""),"",ROUNDUP((E15+H15*(1+'Fee Table'!$B$5))/(1-'Fee Table'!$B$4*(1+'Fee Table'!$B$5)),2)) | H15: =IF(B15="","",IFERROR(INDEX('Fee Table'!$B$8:$B$13,MATCH(B15,'Fee Table'!$A$8:$A$13,0)),""))
E16: =IF(C16="","",C16-N(D16)) | F16: =IF(G16="","",G16-E16) | G16: =IF(OR(E16="",H16=""),"",ROUNDUP((E16+H16*(1+'Fee Table'!$B$5))/(1-'Fee Table'!$B$4*(1+'Fee Table'!$B$5)),2)) | H16: =IF(B16="","",IFERROR(INDEX('Fee Table'!$B$8:$B$13,MATCH(B16,'Fee Table'!$A$8:$A$13,0)),""))
E17: =IF(C17="","",C17-N(D17)) | F17: =IF(G17="","",G17-E17) | G17: =IF(OR(E17="",H17=""),"",ROUNDUP((E17+H17*(1+'Fee Table'!$B$5))/(1-'Fee Table'!$B$4*(1+'Fee Table'!$B$5)),2)) | H17: =IF(B17="","",IFERROR(INDEX('Fee Table'!$B$8:$B$13,MATCH(B17,'Fee Table'!$A$8:$A$13,0)),""))
E18: =IF(C18="","",C18-N(D18)) | F18: =IF(G18="","",G18-E18) | G18: =IF(OR(E18="",H18=""),"",ROUNDUP((E18+H18*(1+'Fee Table'!$B$5))/(1-'Fee Table'!$B$4*(1+'Fee Table'!$B$5)),2)) | H18: =IF(B18="","",IFERROR(INDEX('Fee Table'!$B$8:$B$13,MATCH(B18,'Fee Table'!$A$8:$A$13,0)),""))
A20: How to read the answers
A21: • Price to charge in JustGo: the amount after discount plus the card processing cost. Set this as your price in JustGo so you still receive the full amount after discount.
A22: • The card processing cost for Pony Clubs is 1.90% of the amount paid to each organisation, plus a $0.30 fixed fee divided by the number of organisations in the transaction that charge a fee, plus 10% GST on the total card processing cost.
A23: • The price to charge is rounded UP to the nearest cent, so clubs are never short. Clubs may sometimes receive 1 cent more than the amount after discount.
A25: Which product type do I choose?
A26: Riding Memberships | C26: Junior, Senior, Adult, Ready 2 Ride, Coach Riding, Life Member Riding, etc.
A27: Non-riding Memberships | C27: Volunteer, Officials, Adult Supporter, Coach Non-riding, Life Member Non-riding
A28: Come & Try Membership | C28: Come & Try membership
A29: Shop Items and Event Tickets | C29: Anything bought through your shop, and event entries or tickets
A30: Initial Instalment Payment | C30: The first instalment payment (enter the initial payment amount)
A31: Subsequent Instalment Payments | C31: Each later instalment payment (enter the amount of one instalment, not the full fee)

Sheet Fee Table
A1: Fee Table
A2: These settings drive the calculator. This sheet is password protected.
A4: Percentage of the amount paid to each organisation | B4: 0.019
A5: GST on the total card processing cost | B5: 0.1
A7: Product type | B7: Fixed fee (PCA's recommended fee) | C7: Includes / notes
A8: Riding Memberships | B8: 0.1 | C8: Junior, Senior, Adult, Ready 2 Ride, Coach Riding, Life Member Riding, etc. $0.30 fixed fee divided by the number of organisations in the transaction that charge a fee.
A9: Non-riding Memberships | B9: 0.15 | C9: Volunteer, Officials, Adult Supporter, Coach Non-riding, Life Member Non-riding. $0.30 fixed fee divided by the number of organisations in the transaction that charge a fee.
A10: Come & Try Membership | B10: 0.1 | C10: $0.30 fixed fee divided by the number of organisations in the transaction that charge a fee.
A11: Shop Items and Event Tickets | B11: 0.3 | C11: Anything bought through your shop, and event entries or tickets.
A12: Initial Instalment Payment | B12: 0.1 | C12: First instalment; may include other memberships bought in the same transaction. $0.30 fixed fee divided by the number of organisations in the transaction that charge a fee.
A13: Subsequent Instalment Payments | B13: 0.3 | C13: Later instalments are deducted automatically and don't include any other organisation.
A14: Card processing cost for Pony Clubs: 1.90% of the amount paid to each organisation, plus a $0.30 fixed fee divided by the number of organisations in the transaction that charge a fee, plus 10% GST on the total card processing cost.
